 Dungeon Crawl Stone Soup version 0.28.0-53-g5a82cb258f (webtiles) character file.

Game seed: 3342884448769165015

711 ILmort the Skirmisher (level 7, -2/67 HPs)
             Began as a Minotaur Fighter on Aug 8, 2022.
             Slain by Duvessa
             ... wielding a +0 rapier
              (9 damage)
             ... on level 5 of the Dungeon.
             The game lasted 00:08:45 (3371 turns).

ILmort the Skirmisher (Minotaur Fighter)            Turns: 3371, Time: 00:08:46

Health: -2/67      AC: 10    Str: 22    XL:     7   Next: 40%
Magic:  6/6        EV:  7    Int:  9    God:
Gold:   216        SH:  4    Dex: 10    Spells: 6/6 levels left

rFire   . . .      SeeInvis .   o - +6 mace "Tosa" {drain, *Rage rCorr Int+4}
rCold   . . .      Faith    .   c - +0 buckler
rNeg    . . .      Spirit   .   m - +1 chain mail
rPois   .          Reflect  .   (helmet restricted)
rElec   .          Harm     .   (no cloak)
rCorr   +          Rampage  .   (no gloves)
Will    .....      Rage     20% (no boots)
Stlth   ..........              (no amulet)
HPRegen 0.21/turn               (no ring)
MPRegen 0.10/turn               (no ring)

@: mighty, on berserk cooldown
A: horns 2, retaliatory headbutt
a: no special abilities


You were on level 5 of the Dungeon.
You visited 1 branch of the dungeon, and saw 5 of its levels.

You collected 216 gold pieces.

Inventory:

Hand Weapons
 o - the +6 mace "Tosa" (weapon) {drain, *Rage rCorr Int+4}
   (You found it on level 2 of the Dungeon)

   A truly terrible weapon, it drains the life of any living foe it strikes.
   Int:       It affects your intelligence (+4).
   *Rage:     It berserks you when you make melee attacks (+20% chance).
   rCorr:     It protects you from acid and corrosion.
Armour
 c - a +0 buckler (worn)
 m - a +1 chain mail (worn)
Jewellery
 k - a ring of magical power
 v - an amulet of reflection
Wands
 g - a wand of paralysis (10)
 s - a wand of flame (15)
Scrolls
 a - a scroll of enchant weapon {unknown}
 e - a scroll of amnesia {unknown}
 f - 2 scrolls of magic mapping
 i - a scroll of fog {unknown}
 r - a scroll of blinking {unknown}
 w - a scroll of fear
Potions
 b - 2 potions of cancellation
 h - 4 potions of flight
 j - 3 potions of curing {unknown}
 l - 2 potions of brilliance
 n - 2 potions of degeneration {unknown}
 p - a potion of magic {unknown}
 q - a potion of attraction {unknown}
 t - a potion of heal wounds {unknown}
 u - a potion of haste {unknown}


   Skills:
 + Level 7.8 Fighting
 + Level 7.3 Maces & Flails
 - Level 3.6 Armour
 - Level 3.6 Shields


You had 6 spell levels left.
You didn't know any spells.
Your spell library was empty.

Dungeon Overview and Level Annotations

Branches:
Dungeon (5/15)
 Temple: D:4-7

Altars:
Fedhas
Uskayaw

Shops:
D:2 *

Annotations:
D:5 Dowan, Duvessa


Innate Abilities, Weirdness & Mutations

You have a pair of horns on your head.
You reflexively headbutt those who attack you in melee.


Message History

You sock the ogre! Your headbutt misses the ogre.
The ogre is heavily wounded.
The ogre hits you with a +0 giant club!
An iguana comes into view.
You barely miss the ogre. Your headbutt misses the ogre.
The ogre is heavily wounded.
You hit the ogre. You drain the ogre.
The ogre is almost dead.
The sentinel's mark upon you fades away.
The ogre hits you with a +0 giant club!
You hit the ogre. You headbutt the ogre.
You kill the ogre!
Dowan mumbles some strange words.
Dowan blinks!
You hit Duvessa but do no damage. You drain Duvessa.
Duvessa is lightly wounded.
You hit Duvessa but do no damage. Your headbutt misses Duvessa.
Duvessa is lightly wounded.
Duvessa hits you with a +0 rapier!
You completely miss Duvessa.
Duvessa is lightly wounded.
Duvessa hits you with a +0 rapier!
* * * LOW HITPOINT WARNING * * *
You hit Duvessa but do no damage.
Duvessa is lightly wounded.
You block Duvessa's attack.
You feel very mighty all of a sudden. Duvessa hits you but does no damage.
You thump Duvessa!
Duvessa is moderately wounded.
Dowan says, "Magic and the sword, together, will defeat you."
Duvessa hits you with a +0 rapier.
* * * LOW HITPOINT WARNING * * *
A white imp comes into view.
You thump Duvessa! Your headbutt misses Duvessa.
Duvessa is severely wounded.
Duvessa hits you with a +0 rapier!
* * * LOW HITPOINT WARNING * * *
Duvessa hits you with a +0 rapier!
You die...

..#.####....
#.#......).)
#.#.##......
#...###..(..
#.#.........
#.#.#.#..... #
#.#.#.#.#.##
#.#######...#.....##
#..@ele5..#.#.###.##
#####Z.#......# .
#....#....# .
.........###..#...
######.#..# ..##.#
#.##.....# .# #.#
#.#..# #Z# .# .. ..
.# .


You could see Duvessa (drained), Dowan, an iguana, a white imp and a hound
skeleton.

Vanquished Creatures
  Sigmund (D:2)
  An ogre (D:5)
  A scorpion (D:4)
  A water moccasin zombie (D:4)
  3 hounds
  A jelly (D:4)
  An orc priest (D:3)
  Natasha (twice) (D:2)
  An iguana (D:4)
  5 adders
  2 worms
  A dart slug (D:3)
  6 orcs
  6 ball pythons
  7 endoplasms
  5 giant cockroaches
  6 goblins
  9 hobgoblins
  5 quokkas
  4 bats
  A frilled lizard (D:1)
  7 kobolds
  4 rats
80 creatures vanquished.

Notes
Turn   | Place    | Note
-------+----------+-------------------------------------------
     0 | D:1      | ILmort the Minotaur Fighter began the quest for the Orb.
     0 | D:1      | Reached XP level 1. HP: 19/19 MP: 0/0
   326 | D:1      | Reached XP level 2. HP: 23/27 MP: 1/1
   540 | D:1      | Found a blossoming altar of Fedhas.
   944 | D:1      | Reached XP level 3. HP: 34/34 MP: 2/2
  1033 | D:2      | Noticed Sigmund
  1048 | D:2      | Killed Sigmund
  1049 | D:2      | Reached skill level 5 in Fighting
  1049 | D:2      | Reached skill level 5 in Maces & Flails
  1049 | D:2      | Reached XP level 4. HP: 25/44 MP: 3/3
  1049 | D:2      | Reached XP level 5. HP: 29/50 MP: 4/4
  1406 | D:2      | Found a faded altar of an unknown god.
  1442 | D:2      | Noticed Natasha
  1449 | D:2      | Killed Natasha
  1476 | D:2      | Found Quntisub's Assorted Antiques.
  1620 | D:2      | Noticed Natasha
  1625 | D:2      | Killed Natasha
  1658 | D:2      | Identified the +6 mace "Tosa" {drain, *Rage rCorr Int+4}
  1765 | D:3      | Reached XP level 6. HP: 57/57 MP: 5/5
  2632 | D:4      | Identified the +5 falchion "Woryijas" {flame, rC+}
  2755 | D:4      | Found a hide-covered altar of Uskayaw.
  2950 | D:4      | Reached XP level 7. HP: 66/66 MP: 6/6
  3317 | D:5      | Entered Level 5 of the Dungeon
  3358 | D:5      | Noticed Duvessa
  3359 | D:5      | Noticed Dowan
  3371 | D:5      | Slain by Duvessa

Illustrated notes

Levels and vault maps discovered:
D:1:      minmay_arrival_arboretum_small, layout_basic, interstate_on_off,
          minmay_hexomino_r4
D:2:      layout_basic, serial_shops, shop,
          hellmonk_ecumenical_altar_prayer_group, uniq_natasha, uniq_sigmund
D:3:      layout_loops_ring
D:4:      layout_basic, nicolae_uskayaw_suspiria
D:5:      layout_loops_ring, serial_rivers, chequers_serial_rivers_room_b,
          chequers_serial_rivers_large_b, chequers_serial_rivers_large_a,
          chequers_serial_rivers_small_b, uniq_duvessa

Skill      XL: |  1  2  3  4  5  6  7 |
---------------+----------------------+-----
Fighting       | 4 5 6 7 |  7.8
Maces & Flails | 3 5 6 7 |  7.3
Armour         | |  3.6
Shields        | |  3.6

Action                   |  1- 3 |  4- 6 |  7- 9 || total
-------------------------+-------+-------+-------++-------
Melee: Flail             |    53 |    28 |       ||    81
       Headbutt          |     5 |    12 |     2 ||    19
       Mace              |       |    54 |    41 ||    95
  Use: Scroll            |       |     8 |       ||     8
       Potion            |       |       |     1 ||     1
Armor: Scale mail        |    32 |       |       ||    32
       Chain mail        |       |    36 |    16 ||    52
Dodge: Dodged            |    23 |    21 |    10 ||    54
Block: Buckler           |    15 |    17 |     7 ||    39
